[Event "Titled Tuesday Blitz August 24 2021"]
[White "Lashkin, Jegor"]
[Black "Real De Azua, Ernesto"]
[WhiteFideId "13907808"]
[BlackFideId "108154"]
[WhiteElo "2293"]
[BlackElo "2476"]
[Result "1-0"]
[Round "02"]
[TimeControl "180+1"]
[Date "2021.08.24"]
[WhiteClock "0:00:09"]
[BlackClock "0:00:05"]

1. d4 Nf6 2. c4 e6 3. Nf3 d5 4. Nc3 Bb4 5. cxd5 exd5 6. Bg5 h6 7. Bh4 O-O 8. e3 Bf5 9. Be2 Nbd7 10. Qb3 Bxc3+ 11. Qxc3 c6 12. Nd2 Ne4 13. Bxd8 Nxc3 14. bxc3 Rfxd8 15. a4 Rac8 16. Nf1 b6 17. Ng3 Be6 18. Kd2 c5 19. h4 Kf8 20. h5 Ke7 21. Bd3 Rc7 22. f3 Nf6 23. Ne2 Rdc8 24. g4 Ne8 25. Rhb1 Nd6 26. a5 c4 27. Bc2 b5 28. Nc1 a6 29. Na2 f6 30. Nb4 Ra8 31. Rg1 Raa7 32. e4 dxe4 33. fxe4 Nf7 34. Ke3 Rc8 35. Raf1 Ng5 36. Rg3 Kd6 37. Kd2 Bd7 38. Re1 Re8 39. Ke3 Bc8 40. Kf4 Rae7 41. Rge3 Bb7 42. d5 Nf7 43. Bd1 Kc5 44. Be2 Nd6 45. Bf1 Re5 46. Nc2 Bc8 47. Nd4 Bd7 48. Nf3 R5e7 49. e5 fxe5+ 50. Nxe5 Rf8+ 51. Kg3 Rfe8 52. Nxd7+ Rxd7 53. Rxe8 Nxe8 54. Rxe8 Rxd5 55. Rc8+ Kd6 56. Rd8+ Ke5 57. Rxd5+ Kxd5 58. Kf3 Kc5 59. Ke3 b4 60. cxb4+ Kxb4 61. Kd2 Kb3 62. Kc1 Kc3 63. Bg2 Kb4 64. Bd5 Kxa5 65. Bxc4 Kb6 66. Kd2 a5 67. Ke3 Kc5 68. Bg8 Kd6 69. Kf4 Ke7 70. Kf5 a4 71. Kg6 Kf8 72. Bc4 1-0


[Site "https://www.chess.com"]

[Event "Titled Tuesday Blitz August 24 2021"]
[White "Lauridsen, Jesper Morch"]
[Black "Hjartarson, Johann"]
[WhiteFideId "1401890"]
[BlackFideId "2300044"]
[WhiteElo "2248"]
[BlackElo "2502"]
[Result "0-1"]
[Round "02"]
[TimeControl "180+1"]
[Date "2021.08.24"]
[WhiteClock "0:00:01"]
[BlackClock "0:00:34"]

1. e4 Nf6 2. e5 Nd5 3. d4 d6 4. Nf3 Bg4 5. c4 Nb6 6. d5 dxe5 7. h3 Bxf3 8. Qxf3 N8d7 9. Nc3 Nf6 10. Bg5 h6 11. Bh4 g6 12. O-O-O Nbd7 13. c5 Nxc5 14. Bb5+ Ncd7 15. Bxf6 exf6 16. Ne4 f5 17. Qc3 Bd6 18. Nc5 Bxc5 19. Qxe5+ Kf8 20. Qxh8+ Ke7 21. Rhe1+ Kd6 22. Qxh6 Qf6 23. Qf4+ Ne5 24. Rd2 g5 25. Qg3 f4 26. Qc3 Nd7 0-1


[Site "https://www.chess.com"]

[Event "Titled Tuesday Blitz August 24 2021"]
[White "Laurusas, Tomas"]
[Black "Begunov, Konstantin"]
[WhiteFideId "12803731"]
[BlackFideId "4118510"]
[WhiteElo "2542"]
[BlackElo "2262"]
[Result "1-0"]
[Round "02"]
[TimeControl "180+1"]
[Date "2021.08.24"]
[WhiteClock "0:00:13"]
[BlackClock "0:00:01"]

1. d4 d5 2. c4 c6 3. Nf3 Nf6 4. Nc3 dxc4 5. a4 Bg4 6. e3 e5 7. Bxc4 Bxf3 8. Qxf3 exd4 9. exd4 Qxd4 10. Qe2+ Be7 11. O-O Nbd7 12. Ba2 Qe5 13. Qf3 O-O 14. Bf4 Qh5 15. Qg3 Bb4 16. Rad1 Qg6 17. Qh3 Nc5 18. Bb1 Qh5 19. Qg3 Rfd8 20. Bc2 Qg4 21. Qxg4 Nxg4 22. Na2 a5 23. Bc7 Rxd1 24. Rxd1 Nf6 25. Bd6 Na6 26. Be5 Be7 27. Bb3 Nc5 28. Bc2 Rd8 29. Nc3 Rxd1+ 30. Bxd1 Kf8 31. Bc7 Nd5 32. Nxd5 cxd5 33. Bxa5 Bd6 34. Kf1 Ke7 35. Ke2 Ke6 36. Bc2 Ne4 37. f3 Nf6 38. g3 Be5 39. b3 Bd4 40. Bd2 Bg1 41. h4 g6 42. b4 Nd7 43. a5 Ne5 44. Bb3 Nc4 45. Be1 Bd4 46. Kd3 Be5 47. f4 Bd6 48. Bxc4 dxc4+ 49. Kxc4 f5 50. b5 Kd7 51. Bb4 Bc7 52. a6 bxa6 53. bxa6 Kc6 54. Bc5 Ba5 55. Bf2 1-0


[Site "https://www.chess.com"]

[Event "Titled Tuesday Blitz August 24 2021"]
[White "Laxman, R.R."]
[Black "Serikbay, Assel"]
[WhiteFideId "5005361"]
[BlackFideId "13706799"]
[WhiteElo "2476"]
[BlackElo "2044"]
[Result "0-1"]
[Round "02"]
[TimeControl "180+1"]
[Date "2021.08.24"]
[WhiteClock "0:01:35"]
[BlackClock "0:00:26"]

1. d4 d5 2. Nf3 Nf6 3. c4 c6 4. e3 a6 5. b3 b5 6. Be2 Bg4 7. Ne5 Bxe2 8. Qxe2 g6 9. O-O Bg7 10. Nd2 O-O 11. a4 bxc4 12. bxc4 Nfd7 13. f4 c5 14. cxd5 Nxe5 15. dxe5 Qxd5 16. Nc4 Nd7 17. Bb2 Rab8 18. Rfd1 Qc6 19. a5 Rfd8 20. Qd3 Qc7 21. Qc2 Nf8 22. Nb6 Ne6 23. Qc4 Qb7 24. Bc3 h5 25. h3 Qc6 26. Qxa6 Qe4 27. Re1 Rd3 28. Rac1 Rxe3 29. Bd2 Rxe1+ 30. Rxe1 Qc6 31. Qc4 Nd4 32. Be3 Rd8 33. Rc1 Qe4 34. Kf2 Bh6 35. Qxc5 Bxf4 36. Re1 Bxe3+ 37. Rxe3 Qf4+ 38. Rf3 Nxf3 0-1


[Site "https://www.chess.com"]

[Event "Titled Tuesday Blitz August 24 2021"]
[White "Le, Tuan Minh"]
[Black "Kholin, Aleksandr"]
[WhiteFideId "12401153"]
[BlackFideId "14202190"]
[WhiteElo "2450"]
[BlackElo "2590"]
[Result "1-0"]
[Round "02"]
[TimeControl "180+1"]
[Date "2021.08.24"]
[WhiteClock "0:01:14"]
[BlackClock "0:00:21"]

1. d4 Nf6 2. Nf3 d5 3. Bf4 c6 4. e3 Bf5 5. c4 e6 6. Nc3 Nbd7 7. h3 Be7 8. Be2 O-O 9. O-O h6 10. c5 Re8 11. b4 a6 12. a4 Ne4 13. Nxe4 Bxe4 14. b5 axb5 15. axb5 Bf6 16. b6 e5 17. Bg3 exd4 18. Rxa8 Qxa8 19. exd4 Nf8 20. Ne5 Qa3 21. Bg4 Ne6 22. Bxe6 Rxe6 23. Qa1 Qxa1 24. Rxa1 Bxe5 25. Bxe5 f6 26. Bc7 Bd3 27. Ra7 Re1+ 28. Kh2 Ba6 29. Rxa6 bxa6 30. b7 Rb1 31. Bb6 1-0


[Site "https://www.chess.com"]

[Event "Titled Tuesday Blitz August 24 2021"]
[White "Liyanage, Ranindu Dilshan"]
[Black "Sanchez, Robert"]
[WhiteFideId "9915834"]
[BlackFideId "2034360"]
[WhiteElo "1839"]
[BlackElo "2249"]
[Result "1-0"]
[Round "02"]
[TimeControl "180+1"]
[Date "2021.08.24"]
[WhiteClock "0:00:38"]
[BlackClock "0:00:09"]

1. e4 e6 2. d4 d5 3. Nd2 Nf6 4. e5 Nfd7 5. Bd3 c5 6. c3 Nc6 7. Ngf3 Be7 8. O-O Qb6 9. a3 g5 10. dxc5 Nxc5 11. Be2 Bd7 12. b4 Ne4 13. Nxe4 dxe4 14. Nxg5 Nxe5 15. Nxe4 Bc6 16. Be3 Qc7 17. Ng3 h5 18. Bxh5 Rd8 19. Qe2 Nd3 20. Qg4 Ne5 21. Qg7 Rf8 22. Bd4 Rxd4 23. cxd4 Nc4 24. Rfe1 1-0


[Site "https://www.chess.com"]

[Event "Titled Tuesday Blitz August 24 2021"]
[White "Maevsky, Nikolay"]
[Black "Nesterov, Arseniy"]
[WhiteFideId "4198220"]
[BlackFideId "24198455"]
[WhiteElo "2213"]
[BlackElo "2477"]
[Result "0-1"]
[Round "02"]
[TimeControl "180+1"]
[Date "2021.08.24"]
[WhiteClock "0:01:07"]
[BlackClock "0:01:23"]

1. d4 d5 2. Nf3 Nf6 3. e3 c6 4. c4 Bg4 5. Nc3 e6 6. h3 Bh5 7. g4 Bg6 8. Ne5 Nbd7 9. Nxg6 hxg6 10. g5 Ne4 11. Nxe4 dxe4 12. h4 Bb4+ 13. Bd2 Qa5 14. a3 Bxd2+ 15. Qxd2 Qxd2+ 16. Kxd2 f5 17. Be2 Ke7 18. b4 Rad8 19. Kc3 e5 20. c5 exd4+ 21. exd4 Nf8 22. Bc4 Ne6 23. d5 cxd5 24. Bb3 d4+ 25. Kc4 d3 26. Ba4 Rd4+ 27. Kc3 Rhd8 28. Rad1 Nxc5 29. bxc5 Rxa4 30. Kb3 Rad4 31. Rhe1 Ke6 32. f3 Ke5 33. fxe4 fxe4 34. Re3 Kf4 35. Rh3 e3 36. Rf1+ Ke4 37. Rhf3 e2 38. Rf4+ Ke5 0-1


[Site "https://www.chess.com"]

[Event "Titled Tuesday Blitz August 24 2021"]
[White "Maltsevskaya, Aleksandra"]
[Black "Ibarra Jerez, Jose Carlos"]
[WhiteFideId "24174041"]
[BlackFideId "2226332"]
[WhiteElo "2225"]
[BlackElo "2602"]
[Result "1-0"]
[Round "02"]
[TimeControl "180+1"]
[Date "2021.08.24"]
[WhiteClock "0:00:07"]
[BlackClock "0:00:05"]

1. e4 c5 2. Nf3 e6 3. d4 cxd4 4. Nxd4 Bc5 5. Nb3 Bb6 6. Bd3 Ne7 7. O-O O-O 8. Kh1 f5 9. N1d2 fxe4 10. Nxe4 d5 11. Ng5 h6 12. Qh5 Nbc6 13. Nh7 Rf7 14. Bxh6 gxh6 15. Qxh6 Nf5 16. Bxf5 exf5 17. Rae1 Rg7 18. Re8+ Qxe8 19. Nf6+ Kf7 20. Nxe8 Rg8 21. Nd6+ Ke7 22. Re1+ Kd7 23. Qe6+ Kc7 24. Nb5+ Kb8 25. Qd6+ Bc7 26. Qxc7# 1-0


[Site "https://www.chess.com"]

[Event "Titled Tuesday Blitz August 24 2021"]
[White "Manukyan, Sargis A."]
[Black "Jobava, Baadur"]
[WhiteFideId "13303970"]
[BlackFideId "13601520"]
[WhiteElo "2187"]
[BlackElo "2748"]
[Result "0-1"]
[Round "02"]
[TimeControl "180+1"]
[Date "2021.08.24"]
[WhiteClock "0:00:16"]
[BlackClock "0:00:52"]

1. d4 d5 2. c4 c6 3. Nc3 Nf6 4. e3 Nbd7 5. Nf3 Nb6 6. b3 Bg4 7. Qc2 Bxf3 8. gxf3 e6 9. f4 g6 10. Bd3 Nbd7 11. c5 b6 12. b4 a5 13. b5 bxc5 14. bxc6 Nb8 15. Qa4 Qc8 16. dxc5 Bg7 17. Nb5 O-O 18. Nd6 Qxc6 19. Qxc6 Nxc6 20. Bb2 Rfb8 21. Bc3 Nb4 22. Kd2 Nd7 23. Bxg7 Nxc5 24. Bxg6 hxg6 25. Bd4 Ne4+ 26. Nxe4 dxe4 27. h4 Rb5 28. h5 gxh5 29. Rag1+ Kf8 30. Rg5 Rxg5 31. fxg5 Rc8 32. a3 Nd5 33. Rxh5 Ke7 34. g6 fxg6 35. Rh7+ Kd6 36. Ra7 Rf8 37. Ra6+ Kd7 38. Ke2 Rc8 39. Kd2 Rf8 40. Ke2 Rf5 41. Ra7+ Kc6 42. a4 Nb4 43. Rg7 g5 44. Re7 Kd5 45. Rc7 Nd3 46. Bb6 Rxf2+ 47. Kd1 Nb2+ 48. Ke1 Nd3+ 49. Kd1 g4 50. Bxa5 g3 51. Rd7+ Kc6 52. Rc7+ Kd6 53. Rg7 g2 54. Bc7+ Kd5 55. Bh2 Kc4 56. a5 Kb5 57. Rg5+ e5 58. Bxe5 Rf1+ 59. Kd2 g1=Q 60. Rxg1 Rxg1 61. Bd4 0-1


[Site "https://www.chess.com"]

[Event "Titled Tuesday Blitz August 24 2021"]
[White "Matveev, Vladimir"]
[Black "Svane, Rasmus"]
[WhiteFideId "24130753"]
[BlackFideId "4657101"]
[WhiteElo "2354"]
[BlackElo "2669"]
[Result "0-1"]
[Round "02"]
[TimeControl "180+1"]
[Date "2021.08.24"]
[WhiteClock "0:01:19"]
[BlackClock "0:01:34"]

1. d4 d5 2. c4 e6 3. Nf3 a6 4. cxd5 exd5 5. Nc3 Nf6 6. Bf4 Bd6 7. Bg3 O-O 8. Qc2 c6 9. e3 h6 10. Be2 Re8 11. O-O Bxg3 12. hxg3 Nbd7 13. b4 Nb6 14. a4 Bg4 15. b5 cxb5 16. axb5 a5 17. Na4 Nxa4 18. Qxa4 Ne4 19. Rfc1 Qb6 20. Qa2 Be6 21. Ne5 a4 22. Qa3 Qd6 23. Nd3 Qxa3 24. Rxa3 Rec8 25. Rxc8+ Rxc8 26. Rxa4 Nc3 0-1


[Site "https://www.chess.com"]

[Event "Titled Tuesday Blitz August 24 2021"]
[White "Mirzanurov, Bulat"]
[Black "Makhnev, Denis"]
[WhiteFideId "4184521"]
[BlackFideId "13707647"]
[WhiteElo "2208"]
[BlackElo "2537"]
[Result "0-1"]
[Round "02"]
[TimeControl "180+1"]
[Date "2021.08.24"]
[WhiteClock "0:00:11"]
[BlackClock "0:00:31"]

1. e4 c6 2. d4 d5 3. exd5 cxd5 4. Bd3 Nc6 5. c3 Nf6 6. h3 e5 7. dxe5 Nxe5 8. Nf3 Nxd3+ 9. Qxd3 Be7 10. O-O O-O 11. Be3 Re8 12. Nbd2 Be6 13. Nd4 Bd7 14. N4f3 a6 15. a4 Bf8 16. Bd4 Ne4 17. Rfd1 Qc7 18. Be3 Bc6 19. Nd4 Bd7 20. N2f3 Rad8 21. Ne2 Bf5 22. Bf4 Qb6 23. Be3 Qxb2 24. Rdb1 Nd6 25. Qxf5 Qxe2 26. Qxd5 Nc4 27. Qxb7 Nxe3 28. fxe3 Qxe3+ 29. Kh1 a5 30. c4 Bb4 31. Qb5 h6 32. Qf5 Qe6 33. Qxe6 Rxe6 34. Rc1 Rc6 35. Rc2 f6 36. Rac1 Rd3 37. c5 Rd5 38. Rc4 Rdxc5 39. Rxc5 Rxc5 40. Rxc5 Bxc5 41. g4 Kf7 42. Kg2 Ke6 43. Kf1 Kd5 44. Ke2 Kc4 45. Nh4 Kb3 46. Nf5 Bf8 47. Kd3 Kxa4 48. Kc4 Ka3 49. Kc3 a4 50. h4 Ka2 51. Kc2 g6 52. Nd4 Ka3 53. Nc6 Bd6 54. h5 gxh5 55. gxh5 f5 56. Kc3 f4 57. Nd4 Be5 58. Kd3 Bxd4 59. Kxd4 Kb3 0-1


[Site "https://www.chess.com"]

[Event "Titled Tuesday Blitz August 24 2021"]
[White "Molina, Roberto Junio Brito"]
[Black "Noboa Silva, Kevin"]
[WhiteFideId "2109450"]
[BlackFideId "3618471"]
[WhiteElo "2756"]
[BlackElo "2510"]
[Result "1-0"]
[Round "02"]
[TimeControl "180+1"]
[Date "2021.08.24"]
[WhiteClock "0:00:22"]
[BlackClock "0:00:03"]

1. d4 Nf6 2. c4 g6 3. Nc3 d5 4. cxd5 Nxd5 5. e4 Nxc3 6. bxc3 Bg7 7. Bc4 c5 8. Ne2 O-O 9. O-O Nc6 10. Be3 Bg4 11. f3 Bd7 12. Qd2 Qc7 13. Rac1 Rad8 14. Rfd1 Bc8 15. Bh6 cxd4 16. Bxg7 Kxg7 17. cxd4 Qb6 18. Kh1 e6 19. Qc3 Kg8 20. Rd2 a6 21. Rcd1 Na5 22. Bb3 Bd7 23. d5 Nxb3 24. Qxb3 Qxb3 25. axb3 e5 26. Rc1 Rc8 27. Rdc2 Rxc2 28. Rxc2 Rc8 29. Rxc8+ Bxc8 30. Kg1 f5 31. Kf2 Kf7 32. Ke3 Ke7 33. b4 Kd6 34. Nc3 Bd7 35. g3 b6 36. Kd3 a5 37. Kc4 axb4 38. Kxb4 f4 39. g4 h5 40. h3 hxg4 41. hxg4 g5 42. Nb5+ Ke7 43. Na3 b5 44. Kc5 Kf6 45. Nc2 Ke7 46. Nb4 Kf6 47. Kd6 Be8 48. Nd3 Bg6 49. Nxe5 Bxe4 50. fxe4 b4 51. Nd3 b3 52. e5+ Kg6 53. e6 b2 54. Nxb2 f3 55. Nd3 Kf6 56. Nf2 Kg7 57. Ke5 Kf8 58. d6 Ke8 59. Ke4 Kd8 60. Kxf3 Ke8 61. Ke4 1-0


[Site "https://www.chess.com"]

[Event "Titled Tuesday Blitz August 24 2021"]
[White "Moroni, Luca Jr"]
[Black "Bilan, Danila"]
[WhiteFideId "865834"]
[BlackFideId "24161918"]
[WhiteElo "2491"]
[BlackElo "2164"]
[Result "1-0"]
[Round "02"]
[TimeControl "180+1"]
[Date "2021.08.24"]
[WhiteClock "0:01:02"]
[BlackClock "0:00:43"]

1. d4 d5 2. Bf4 Nf6 3. e3 c5 4. dxc5 e6 5. b4 a5 6. c3 axb4 7. cxb4 b6 8. Bxb8 Rxb8 9. Bb5+ Ke7 10. c6 Ne4 11. Ne2 Nd6 12. Nbc3 g6 13. Rc1 Qc7 14. Qd4 f6 15. Nf4 Kf7 16. O-O Bg7 17. Qd2 Ra8 18. a4 Ba6 19. Ncxd5 exd5 20. Qxd5+ Ke7 21. Qe6+ Kf8 22. Bxa6 Rxa6 23. Nd5 1-0


[Site "https://www.chess.com"]

[Event "Titled Tuesday Blitz August 24 2021"]
[White "Murzin, Volodar"]
[Black "Zhuravlev, Alexey"]
[WhiteFideId "44155573"]
[BlackFideId "4164199"]
[WhiteElo "2541"]
[BlackElo "2507"]
[Result "1-0"]
[Round "02"]
[TimeControl "180+1"]
[Date "2021.08.24"]
[WhiteClock "0:00:01"]
[BlackClock "0:00:05"]

1. e4 c6 2. d4 d5 3. f3 e6 4. Nc3 Bb4 5. a3 Ba5 6. b4 Bc7 7. e5 b6 8. f4 c5 9. Nf3 Ne7 10. Nb5 cxd4 11. Nfxd4 O-O 12. Bd3 Nbc6 13. Nxc6 Nxc6 14. O-O g6 15. Nxc7 Qxc7 16. Qe1 Qe7 17. Be3 Bd7 18. Bf2 Rfc8 19. Bh4 Qf8 20. Bf6 Nd4 21. Qf2 Nb5 22. Rae1 Nc3 23. Qh4 Ne4 24. Rf3 Nxf6 25. exf6 Kh8 26. Rh3 Qg8 27. Re5 Rc3 28. Qh6 Rac8 29. Rg3 a6 30. h4 Bb5 31. h5 Bxd3 32. cxd3 Rxa3 33. hxg6 fxg6 34. Rh3 Qf7 35. Rxe6 Rc7 36. Rd6 Rd7 37. Rxd7 Qxd7 38. Qf8# 1-0


[Site "https://www.chess.com"]

[Event "Titled Tuesday Blitz August 24 2021"]
[White "Nakamura, Hikaru"]
[Black "Czopor, Maciej"]
[WhiteFideId "2016192"]
[BlackFideId "21805431"]
[WhiteElo "2900"]
[BlackElo "1999"]
[Result "1-0"]
[Round "02"]
[TimeControl "180+1"]
[Date "2021.08.24"]
[WhiteClock "0:00:47"]
[BlackClock "0:00:03"]

1. Nf3 Nf6 2. d4 e6 3. Bf4 d5 4. e3 Bd6 5. Bg3 c5 6. c3 O-O 7. Nbd2 Qc7 8. Ne5 Nc6 9. f4 Ne7 10. Bd3 Nf5 11. Bf2 c4 12. Bc2 b5 13. g4 Ne7 14. a3 a5 15. g5 Nd7 16. Qh5 Nf5 17. Ndf3 Rb8 18. Nh4 g6 19. Qe2 Nxe5 20. fxe5 Be7 21. Nf3 b4 22. axb4 axb4 23. O-O Bd7 24. h4 Ra8 25. e4 dxe4 26. Bxe4 Rxa1 27. Rxa1 Rb8 28. Nd2 bxc3 29. bxc3 Rb2 30. Qxc4 Qxc4 31. Nxc4 Rb3 32. Be1 Bb5 33. Na5 Rb2 34. Rb1 Rxb1 35. Bxb1 Ne3 36. Kf2 Nc4 37. Nxc4 Bxc4 38. Bd2 Kf8 39. Ke3 Ke8 40. Bd3 Bxd3 41. Kxd3 Kd7 42. c4 Kc6 43. Ke4 Ba3 44. Be3 Bb2 45. d5+ Kd7 46. c5 Ba3 47. c6+ Kc7 48. Bd2 exd5+ 49. Kxd5 Bb2 50. Bf4 Kc8 51. e6 fxe6+ 52. Kxe6 Bc3 53. Bg3 1-0


[Site "https://www.chess.com"]

[Event "Titled Tuesday Blitz August 24 2021"]
[White "Oliveira, Silvio Eduardo"]
[Black "Eynullayev, Altay"]
[WhiteFideId "2111560"]
[BlackFideId "13413562"]
[WhiteElo "2302"]
[BlackElo "2079"]
[Result "0-1"]
[Round "02"]
[TimeControl "180+1"]
[Date "2021.08.24"]
[WhiteClock "0:00:21"]
[BlackClock "0:00:08"]

1. e4 c5 2. Nf3 e6 3. d4 cxd4 4. Nxd4 Nc6 5. Nc3 a6 6. Nxc6 bxc6 7. Bd3 d5 8. O-O Nf6 9. Re1 Be7 10. e5 Nd7 11. Qg4 Kf8 12. b3 c5 13. Bb2 Bb7 14. Rad1 h5 15. Qf4 Kg8 16. Na4 h4 17. c4 h3 18. g3 d4 19. Be4 Bxe4 20. Rxe4 Rh5 21. Bc1 Rf5 22. Qg4 Nxe5 23. Qxh3 Qc7 24. f4 Ng6 25. Qg2 Rd8 26. Nb2 e5 27. Nd3 exf4 28. Bxf4 Nxf4 29. Nxf4 Bg5 30. Nd5 Qd6 31. Qh3 g6 32. Qg4 Kg7 33. Qe2 Rxd5 34. cxd5 Qxd5 35. Rd3 Qf5 36. Rf3 Qd5 37. Qd3 Be3+ 38. Kg2 f5 39. Re7+ Kf6 40. Ra7 g5 41. Qxa6+ Rd6 42. Qb7 Qxb7 43. Rxb7 g4 44. Rf1 d3 45. Rd1 d2 46. a4 Ke5 47. a5 Kd4 48. Rb6 Rd7 49. a6 Ra7 50. Rd6+ Kc3 51. Kf1 Kc2 52. Ke2 Re7 53. R1xd2+ Bxd2+ 54. Kf2 Be3+ 55. Ke2 Bd4+ 56. Kf1 Ra7 57. b4 cxb4 58. Rxd4 b3 59. Rc4+ Kd3 60. Rb4 Kc3 61. Rb6 b2 62. Ke2 Kc2 63. Rc6+ Kb1 64. Kd2 Rd7+ 65. Kc3 Ka1 66. Rb6 Rc7+ 67. Kd4 b1=Q 68. Rxb1+ Kxb1 69. Ke5 Rc5+ 70. Kf4 Kc2 71. a7 Ra5 72. a8=Q Rxa8 73. Kxf5 Rg8 74. Kf6 Kd3 75. Kf7 Rh8 76. Kf6 Rxh2 77. Kf5 Rh8 78. Kxg4 Ke4 79. Kg5 Rg8+ 80. Kh5 Kf5 81. g4+ Rxg4 82. Kh6 Rg6+ 0-1


[Site "https://www.chess.com"]

[Event "Titled Tuesday Blitz August 24 2021"]
[White "Ozen, Bahadir"]
[Black "Astafurov, Arseniy"]
[WhiteFideId "6337058"]
[BlackFideId "24175218"]
[WhiteElo "2503"]
[BlackElo "2163"]
[Result "1/2-1/2"]
[Round "02"]
[TimeControl "180+1"]
[Date "2021.08.24"]
[WhiteClock "0:00:26"]
[BlackClock "0:00:12"]

1. e4 e6 2. d4 d5 3. Nc3 Nf6 4. e5 Nfd7 5. f4 c5 6. Nf3 Nc6 7. Be3 Rb8 8. Qd2 Qa5 9. Ne2 Qxd2+ 10. Kxd2 b5 11. g4 b4 12. Ng3 cxd4 13. Nxd4 Nxd4 14. Bxd4 Bc5 15. Bxc5 Nxc5 16. Bd3 Ba6 17. Rhf1 Ke7 18. b3 Rbc8 19. Bxa6 Nxa6 20. a3 Rc7 21. axb4 Nxb4 22. c3 Nc6 23. Ne2 Rb8 24. Ra3 Rcb7 25. Kc2 g6 26. h3 a5 27. Rd1 Kd7 28. Nd4 a4 29. b4 Nxd4+ 30. Rxd4 Ra8 31. b5 Rxb5 32. Rdxa4 Rxa4 33. Rxa4 Rc5 34. Kd3 Rc7 35. Ra8 Ke7 36. Ra4 Kd7 37. Rb4 h6 38. Ra4 Ke7 39. Rb4 Kf8 40. c4 dxc4+ 41. Rxc4 Ra7 42. Rc3 Ra1 43. Ke3 Rh1 44. Kf2 Kg7 45. Kg2 Rd1 46. Kg3 Rd4 1/2-1/2


[Site "https://www.chess.com"]

[Event "Titled Tuesday Blitz August 24 2021"]
[White "Pajeken, Jakob Leon"]
[Black "Deepan Chakkravarthy J."]
[WhiteFideId "12942839"]
[BlackFideId "5011132"]
[WhiteElo "2231"]
[BlackElo "2490"]
[Result "0-1"]
[Round "02"]
[TimeControl "180+1"]
[Date "2021.08.24"]
[WhiteClock "0:00:33"]
[BlackClock "0:00:50"]

1. d4 Nf6 2. Nf3 e6 3. Bf4 d5 4. e3 Bd6 5. c3 Bxf4 6. exf4 O-O 7. Ne5 Nbd7 8. Bd3 c5 9. O-O Ne4 10. Nd2 Nxd2 11. Qxd2 Qb6 12. dxc5 Qxc5 13. Rae1 Nxe5 14. fxe5 Bd7 15. b4 Qc7 16. Re3 Rac8 17. Rfe1 f5 18. exf6 Rxf6 19. Rh3 h6 20. Bb1 Be8 21. Rg3 Bf7 22. Qd3 Kf8 23. h4 e5 24. Qh7 Bg8 25. Qd3 e4 26. Qd4 Qb6 27. Qxb6 axb6 28. a3 Rfc6 29. Rc1 Bh7 30. Ba2 d4 31. c4 d3 32. Kf1 Bg8 33. f3 Bxc4 34. Rxc4 Rxc4 35. Bxc4 Rxc4 36. fxe4 Rc1+ 0-1


[Site "https://www.chess.com"]

[Event "Titled Tuesday Blitz August 24 2021"]
[White "Perez Gormaz, Matias"]
[Black "Maghsoodloo, Parham"]
[WhiteFideId "3406342"]
[BlackFideId "12539929"]
[WhiteElo "2352"]
[BlackElo "2601"]
[Result "0-1"]
[Round "02"]
[TimeControl "180+1"]
[Date "2021.08.24"]
[WhiteClock "0:00:03"]
[BlackClock "0:00:16"]

1. e4 c5 2. Nf3 d6 3. d4 cxd4 4. Nxd4 Nf6 5. Nc3 a6 6. Bg5 Nbd7 7. Bc4 e6 8. Qd2 b5 9. Bb3 Nc5 10. f3 Bd7 11. a3 Be7 12. h4 O-O 13. Ba2 Qc7 14. h5 h6 15. Be3 Rfd8 16. g4 d5 17. exd5 e5 18. Nf5 Bxf5 19. gxf5 Nb7 20. Ne4 Nd6 21. Nxd6 Rxd6 22. Rg1 Kh7 23. O-O-O Rc8 24. Kb1 Nxh5 25. c3 a5 26. Rh1 Nf4 27. Rdg1 Bf6 28. Ka1 b4 29. cxb4 axb4 30. Rc1 Qd8 31. Rxc8 Qxc8 32. Qxb4 Rd7 33. Qe4 Ne2 34. Bxh6 gxh6 35. Qxe2 e4 36. Qxe4 Qb8 37. Rb1 Ra7 38. Qc2 Rxa3 39. d6 Qxd6 40. Qc4 Ra7 41. Qb3 h5 42. Rd1 Qe5 43. Kb1 h4 44. Rd2 Qe1+ 45. Rd1 Qf2 46. Qc2 Qxc2+ 47. Kxc2 Rxa2 0-1


[Site "https://www.chess.com"]

[Event "Titled Tuesday Blitz August 24 2021"]
[White "Petrovskyi, Vadym"]
[Black "Ibadov, Dashgyn"]
[WhiteFideId "14165210"]
[BlackFideId "24107514"]
[WhiteElo "2334"]
[BlackElo "2102"]
[Result "0-1"]
[Round "02"]
[TimeControl "180+1"]
[Date "2021.08.24"]
[WhiteClock "0:00:03"]
[BlackClock "0:00:13"]

1. e4 e5 2. Nf3 Nc6 3. d4 exd4 4. Bc4 Bc5 5. O-O d6 6. c3 Bg4 7. Qb3 Na5 8. Qa4+ c6 9. cxd4 b5 10. Qc2 Nxc4 11. dxc5 Bxf3 12. gxf3 Ne7 13. Bf4 Ne5 14. Kg2 O-O 15. Rd1 N7g6 16. Bg3 Qg5 17. Nd2 h5 18. Kh1 h4 19. Bxe5 dxe5 20. Rg1 Qf6 21. Qc3 Rad8 22. Qe3 Rd7 23. Nb3 Rfd8 24. Qg5 Qxf3+ 25. Qg2 Qf6 26. Rae1 Nf4 27. Qg4 Nd3 28. Re2 g6 29. f3 Nf4 30. Ree1 Rd3 31. Na5 Rd2 32. Nb7 R8d3 33. Nd6 Rxb2 34. Qc8+ Kh7 35. Ne8 Qe7 36. Nd6 Rdd2 37. Rg2 Rxg2 38. Nf5 Rxh2+ 39. Kg1 Rbg2+ 40. Kf1 Rh1# 0-1


[Site "https://www.chess.com"]

[Event "Titled Tuesday Blitz August 24 2021"]
[White "Ponikarovsky, Alexey"]
[Black "Gontcharov, Vladislav"]
[WhiteFideId "4122887"]
[BlackFideId "4123492"]
[WhiteElo "2766"]
[BlackElo "2521"]
[Result "0-1"]
[Round "02"]
[TimeControl "180+1"]
[Date "2021.08.24"]
[WhiteClock "0:01:05"]
[BlackClock "0:00:24"]

1. e4 e6 2. d4 d5 3. exd5 exd5 4. Nf3 Nc6 5. c4 Bb4+ 6. Nc3 Nge7 7. Be2 O-O 8. O-O dxc4 9. h3 Be6 10. Bg5 f6 11. Bh4 Qd7 12. a3 Bxc3 13. bxc3 a6 14. Bg3 b5 15. a4 Nd5 16. Qc1 Na5 17. Qc2 Nb3 18. Ra2 Nb6 19. axb5 axb5 20. Rxa8 Rxa8 21. Nd2 Bf5 22. Ne4 Re8 23. f3 Nd5 24. Bf2 c6 25. Qb2 Bxe4 26. fxe4 Rxe4 27. Bf3 Re8 28. Bg3 Qa7 29. Kh2 Qa5 30. Bxd5+ cxd5 31. Kh1 b4 32. cxb4 Qxb4 33. Rb1 Qd2 34. Qa3 Qd3 35. Rg1 Qxg3 36. Qa4 Qe3 37. Qd7 Qe6 38. Qb7 h5 39. Qa7 h4 40. Rf1 Rc8 41. Qa4 Nxd4 42. Qd1 Nf5 43. Re1 Ng3+ 44. Kh2 Qd6 45. Kg1 c3 46. Qg4 Qc5+ 47. Kh2 Qc7 48. Kg1 Ne4 49. Qxh4 c2 50. Rc1 Qc5+ 51. Kh1 Qe3 52. Rf1 c1=Q 0-1


[Site "https://www.chess.com"]

[Event "Titled Tuesday Blitz August 24 2021"]
[White "Potapova, Margarita"]
[Black "Tang, Andrew"]
[WhiteFideId "14126869"]
[BlackFideId "2059630"]
[WhiteElo "2214"]
[BlackElo "2588"]
[Result "0-1"]
[Round "02"]
[TimeControl "180+1"]
[Date "2021.08.24"]
[WhiteClock "0:00:03"]
[BlackClock "0:00:07"]

1. d4 d5 2. c4 e6 3. Nf3 Nf6 4. g3 dxc4 5. Bg2 Nc6 6. Qa4 Bd7 7. Qxc4 Na5 8. Qd3 c5 9. O-O Bc6 10. Ne5 Qxd4 11. Nxc6 Qxd3 12. exd3 Nxc6 13. Be3 Nd5 14. Nc3 O-O-O 15. Rfd1 Be7 16. Ne4 b6 17. a3 Kb8 18. Rac1 f5 19. Nd2 Nxe3 20. fxe3 Ne5 21. d4 cxd4 22. exd4 Rxd4 23. Nf3 Rxd1+ 24. Rxd1 Bc5+ 25. Kf1 Ng4 26. Rd7 Ne3+ 27. Kf2 g6 28. Bf1 a5 29. Ba6 Nd5+ 30. Ke2 Nc7 31. Bd3 e5 32. Rf7 e4 33. Ng5 exd3+ 34. Kxd3 Rd8+ 35. Kc4 h6 36. Nf3 Ne6 37. Ne5 Rd4+ 38. Kb5 Nc7+ 39. Kc6 Rd6# 0-1


[Site "https://www.chess.com"]

[Event "Titled Tuesday Blitz August 24 2021"]
[White "Quinones Paucar, Cesar"]
[Black "Mitrabha, Guha"]
[WhiteFideId "3800601"]
[BlackFideId "5057000"]
[WhiteElo "2180"]
[BlackElo "2334"]
[Result "0-1"]
[Round "02"]
[TimeControl "180+1"]
[Date "2021.08.24"]
[WhiteClock "0:00:15"]
[BlackClock "0:00:51"]

1. e4 e6 2. d3 d5 3. Qe2 c5 4. Nf3 Nc6 5. g3 Nge7 6. Bg2 g6 7. O-O Bg7 8. Nbd2 O-O 9. exd5 Nxd5 10. Nb3 b6 11. c3 Bb7 12. d4 a5 13. dxc5 a4 14. Nbd4 Nxd4 15. Nxd4 bxc5 16. Nb5 Qb6 17. c4 Nb4 18. a3 Bxg2 19. Kxg2 Nc6 20. Be3 Nd4 21. Bxd4 cxd4 22. Qf3 Rac8 23. Rac1 Rc5 24. Rfd1 e5 25. Qd3 f5 26. f3 Rfc8 27. b4 axb3 28. Qxb3 h6 29. a4 Kh7 30. Rc2 h5 31. h4 Qe6 32. Qd3 e4 33. fxe4 fxe4 34. Nxd4 exd3 35. Nxe6 dxc2 36. Rc1 Rxc4 0-1


[Site "https://www.chess.com"]